 Dungeon Crawl Stone Soup version 0.21-a0-442-g848f44b (webtiles) character file.

532 theanonym the Cleaver (level 7, -5/59 HPs)
             Began as a Hill Orc Monk on Nov 13, 2017.
             Was a Believer of Yredelemnul.
             Killed from afar by Autsider's ghost (18 damage)
             ... with a stone arrow
             ... on level 5 of the Dungeon.
             The game lasted 00:11:34 (6024 turns).

theanonym the Cleaver (Hill Orc Monk)               Turns: 6024, Time: 00:11:35

Health: -5/59      AC:  8    Str: 16    XL:     7   Next: 24%
Magic:  10/10      EV:  7    Int: 10    God:    Yredelemnul [**....]
Gold:   235        SH:  0    Dex: 13    Spells: 4/6 levels left

rFire    + . .     SeeInvis .   y - +0 war axe
rCold    . . .     Gourm    +   (no shield)
rNeg     . . .     Faith    .   o - +0 chain mail
rPois    .         Spirit   .   (no helmet)
rElec    .         Reflect  .   (no cloak)
rCorr    .         Harm     .   (no gloves)
MR       .....                  (no boots)
Stlth    ..........             d - amulet of the gourmand {Gourm}
HPRegen  0.19/turn              r - ring of protection from fire {rF+}
MPRegen  0.12/turn              (no ring)

@: no status effects
A: no striking features
a: Animate Remains, Recall Undead Slaves, Injury Mirror, Renounce Religion


   Skills:
 + Level 4.0 Fighting
 * Level 9.0 Axes
 - Level 2.4 Dodging
 - Level 1.5 Stealth
 - Level 5.0 Invocations


You had 4 spell levels left.
You knew the following spells:

 Your Spells              Type           Power        Failure   Level  Hunger
a - Blink                 Tloc           N/A          100%        2    ###....

Skill      XL: |  1  2  3  4  5  6  7 |
---------------+----------------------+-----
Axes           | 5 6 7 8 9 |  9.0
Invocations    | 1 3 4 5 |  5.0
Fighting       | 4 |  4.0
Dodging        | |  2.4
Stealth        | |  1.5

Action                   |  1- 3 |  4- 6 |  7- 9 || total
-------------------------+-------+-------+-------++-------
Melee: Hand axe          |    98 |   196 |    16 ||   310
       War axe           |       |       |    32 ||    32
Invok: Animate Remains   |       |    15 |     8 ||    23
       Recall Undead Sla |       |     2 |       ||     2
       Injury Mirror     |       |     2 |       ||     2
  Use: Scroll            |       |     7 |     2 ||     9
       Potion            |       |     1 |     1 ||     2
 Stab: Sleeping          |     3 |     1 |       ||     4
       Distracted        |       |       |     1 ||     1
  Eat: Chunk             |     3 |     7 |     7 ||    17
       Meat ration       |       |     2 |       ||     2
       Bread ration      |       |     1 |       ||     1
Armor: Robe              |    19 |    17 |       ||    36
       Chain mail        |       |    73 |    14 ||    87
Dodge: Dodged            |    62 |   103 |    12 ||   177

Inventory:

Hand Weapons
 a - a +0 hand axe
 b - a +0 blowgun
   (You found it on level 4 of the Dungeon)
 y - a +0 war axe (weapon)
   (You took it off an orc on level 5 of the Dungeon)
 A - a +0 blowgun
   (You took it off an orc on level 5 of the Dungeon)
Armour
 o - a +0 chain mail (worn)
   (You took it off an orc on level 3 of the Dungeon)
Jewellery
 d - an amulet of the gourmand (around neck) {Gourm}
   (You found it on level 1 of the Dungeon)
 r - a ring of protection from fire (left hand) {rF+}
   (You found it on level 4 of the Dungeon)
Scrolls
 e - a scroll of magic mapping {unknown}
 f - a scroll of fog {!r}
 h - a scroll of enchant weapon {unknown}
 j - a scroll of recharging {unknown}
 l - 4 scrolls of remove curse
 m - a scroll of fear {unknown}
 s - a scroll of amnesia
 t - a scroll of teleportation {!r}
 v - a scroll of enchant armour {unknown}
 B - a scroll of noise {unknown}
Potions
 g - a potion of haste {unknown}
 i - a potion of agility {unknown}
 k - 2 potions of cancellation
 n - 2 potions of might
 p - a potion of lignification {unknown}
 u - a potion of ambrosia {unknown}
 x - a potion of degeneration {unknown}
Comestibles
 c - 4 bread rations
 w - 2 fruits

Dungeon Overview and Level Annotations

Branches:
Dungeon (5/15)
 Temple: D:4-7

Altars:
Gozag
Yredelemnul

Annotations:
D:2 Sigmund
D:5 Autsider's ghost, novice GrEE


You were on level 5 of the Dungeon.
You worshipped Yredelemnul.
Yredelemnul was pleased with you.
You were completely stuffed.

You visited 1 branch of the dungeon, and saw 5 of its levels.

You collected 235 gold pieces.


Message History

Autsider's ghost casts a spell at you.
The stone arrow hits your scorpion zombie.
Autsider's ghost hits your scorpion zombie but does no damage.
Your scorpion zombie hits Autsider's ghost.
Autsider's ghost hits your scorpion zombie.
Autsider's ghost hits your scorpion zombie.
Your scorpion zombie barely misses Autsider's ghost.
Autsider's ghost gestures at you while chanting.
The stone arrow hits your scorpion zombie.
Your scorpion zombie is destroyed!
Your orc zombie barely misses Autsider's ghost.
Autsider's ghost hits your orc zombie.
Your orc priest zombie hits Autsider's ghost with a dagger.
Your orc zombie completely misses Autsider's ghost.
Autsider's ghost hits your orc zombie!
Your orc zombie is destroyed!
Your orc priest zombie hits Autsider's ghost but does no damage.
Your centaur zombie hits Autsider's ghost but does no damage.
Autsider's ghost hits you.
Your centaur zombie hits Autsider's ghost but does no damage.
Your orc priest zombie hits Autsider's ghost but does no damage.
You take 5 damage, and have 49/59 hp.
You slash Autsider's ghost!
Autsider's ghost hits you but does no damage.
Your centaur zombie hits Autsider's ghost but does no damage.
You barely miss Autsider's ghost.
Autsider's ghost points at you and mumbles some strange words.
The stone arrow hits you!
* * * LOW HITPOINT WARNING * * *
Your orc priest zombie hits Autsider's ghost but does no damage.
Your centaur zombie hits Autsider's ghost but does no damage.
You take 22 damage, and have 27/59 hp.
MASSIVE DAMAGE!!
You slash Autsider's ghost!
Your centaur zombie hits Autsider's ghost but does no damage.
Autsider's ghost hits you.
* * * LOW HITPOINT WARNING * * *
x2 Your orc priest zombie closely misses Autsider's ghost.
Your centaur zombie closely misses Autsider's ghost.
You take 2 damage, and have 25/59 hp.
Your chain mail prevents you from hitting Autsider's ghost.
Autsider's ghost hits you.
* * * LOW HITPOINT WARNING * * *
x2 Your orc priest zombie hits Autsider's ghost but does no damage.
Your centaur zombie hits Autsider's ghost.
You take 8 damage, and have 17/59 hp.
You closely miss Autsider's ghost.
Autsider's ghost points at you and mumbles some strange words.
The stone arrow misses you.
Your centaur zombie barely misses Autsider's ghost.
Your orc priest zombie hits Autsider's ghost but does no damage.
Your chain mail prevents you from hitting Autsider's ghost.
Your centaur zombie hits Autsider's ghost.
Autsider's ghost hits you.
* * * LOW HITPOINT WARNING * * *
x2 Your orc priest skeleton hits Autsider's ghost.
Your orc priest zombie hits Autsider's ghost but does no damage.
Your centaur zombie hits Autsider's ghost.
Autsider's ghost hits your centaur zombie.
You take 4 damage, and have 13/59 hp.
You barely miss Autsider's ghost.
Your orc priest skeleton barely misses Autsider's ghost.
Your centaur zombie hits Autsider's ghost!
Autsider's ghost hits your centaur zombie.
You barely miss Autsider's ghost.
Your centaur zombie barely misses Autsider's ghost.
Your orc priest zombie hits Autsider's ghost but does no damage.
Your orc priest skeleton hits Autsider's ghost but does no damage.
Autsider's ghost hits you.
* * * LOW HITPOINT WARNING * * *
x2 You take 3 damage, and have 11/59 hp.
You feel much better.
Your centaur zombie closely misses Autsider's ghost.
Your orc priest zombie hits Autsider's ghost but does no damage.
Your orc priest skeleton hits Autsider's ghost but does no damage.
Autsider's ghost points at you and mumbles some strange words.
The stone arrow hits you!
Ouch! That really hurt!
* * * LOW HITPOINT WARNING * * *
Your centaur zombie hits Autsider's ghost but does no damage.
You closely miss Autsider's ghost.
Your orc priest zombie hits Autsider's ghost but does no damage.
Your centaur zombie hits Autsider's ghost but does no damage.
Autsider's ghost casts a spell at your centaur zombie.
The stone arrow hits your centaur zombie.
Your centaur zombie is destroyed!
Your orc priest skeleton closely misses Autsider's ghost.
You barely miss Autsider's ghost.
Autsider's ghost turns its malevolent gaze towards you.
Your orc priest zombie hits Autsider's ghost but does no damage.
Autsider's ghost gestures at your orc priest zombie while chanting.
The stone arrow hits your orc priest zombie.
Your orc priest zombie is destroyed!
Autsider's ghost turns its malevolent gaze towards you.
You hit Autsider's ghost.
Your orc priest skeleton barely misses Autsider's ghost.
Your orc zombie barely misses Autsider's ghost.
Autsider's ghost casts a spell at you. The stone arrow hits you!
You die...
Your body rises from the dead as a mindless zombie.

######### ........#####
.............
........######
.<......##...######
........''.........
........##...########
........####...)W...#
...####Z####...Z@Z..###
## ...
#)#..'............
####. ...
#Z#.##.....?......
..... . #Z#
#............ ..... #.#
#########.... .....
#.#.# ###. .....
#######.#.# .....
.:.ZZ...#.# .....
....Z#..#.# .....


You could see Autsider's ghost, a friendly orc zombie and a friendly orc priest
skeleton.

Notes
Turn   | Place    | Note
-------+----------+-------------------------------------------
     0 | D:1      | theanonym the Hill Orc Monk began the quest for the Orb.
     0 | D:1      | Reached XP level 1. HP: 19/19 MP: 1/1
    82 | D:1      | You fall through a shaft!
    94 | D:2      | HP: 9/19 [adder (1)]
    97 | D:2      | HP: 3/19 [adder (4)]
    98 | D:2      | Reached XP level 2. HP: 5/26 MP: 2/2
   420 | D:2      | Reached skill level 5 in Axes
   428 | D:2      | HP: 7/26 [worm (10)]
   605 | D:2      | HP: 12/26 [quokka (4)]
   608 | D:2      | Reached XP level 3. HP: 7/31 MP: 3/3
   857 | D:2      | Found an opulent altar of Gozag.
  1272 | D:1      | Reached skill level 6 in Axes
  1706 | D:1      | Reached XP level 4. HP: 39/39 MP: 4/4
  2039 | D:2      | HP: 19/39 [poisoned by an adder]
  2047 | D:2      | HP: 18/39 [poisoned by an adder]
  2405 | D:2      | Found a basalt altar of Yredelemnul.
  2567 | D:2      | Became a worshipper of Yredelemnul the Dark
  2567 | D:2      | Reached * piety under Yredelemnul
  2567 | D:2      | Reached ** piety under Yredelemnul
  2740 | D:2      | Reached skill level 7 in Axes
  2740 | D:2      | Reached skill level 1 in Invocations
  2743 | D:2      | HP: 19/39 [hobgoblin/club (4)]
  2748 | D:2      | HP: 17/39 [poisoned by an adder]
  2937 | D:2      | Noticed Sigmund
  3239 | D:3      | Found an opulent altar of Gozag.
  3392 | D:3      | Found a faded altar of an unknown god.
  3423 | D:3      | Reached XP level 5. HP: 29/45 MP: 4/6
  3432 | D:3      | HP: 19/45 [orc/short sword (6)]
  4006 | D:4      | Reached skill level 2 in Invocations
  4379 | D:4      | Reached skill level 3 in Invocations
  4433 | D:4      | Reached XP level 6. HP: 47/51 MP: 8/8
  4642 | D:5      | Entered Level 5 of the Dungeon
  4723 | D:5      | HP: 25/51 [centaur (1)]
  4727 | D:5      | HP: 10/51 [centaur (5)]
  4728 | D:5      | Reached skill level 8 in Axes
  4728 | D:5      | Reached skill level 4 in Invocations
  5200 | D:5      | HP: 22/51 [worker ant (4)]
  5205 | D:5      | HP: 20/51 [poisoned by a worker ant]
  5211 | D:5      | HP: 16/51 [poisoned by a worker ant]
  5429 | D:5      | HP: 21/51 [centaur (5)]
  5430 | D:5      | Reached XP level 7. HP: 23/57 MP: 10/10
  5451 | D:5      | HP: 15/57 [orc priest/divine providence (12)]
  5456 | D:5      | Reached skill level 5 in Invocations
  5757 | D:5      | Learned a level 2 spell: Blink
  5873 | D:5      | Reached skill level 4 in Fighting
  5873 | D:5      | Reached skill level 9 in Axes
  6003 | D:5      | Noticed Autsider's ghost (novice GrEE)
  6014 | D:5      | HP: 27/59 [Autsider's ghost/stone arrow (23)]
  6018 | D:5      | HP: 13/59 [Autsider's ghost (1)]
  6024 | D:5      | Killed from afar by Autsider's ghost

Vanquished Creatures
  2 centaurs (D:5)
  2 hounds (D:4)
  An orc priest (D:5)
  A worker ant (D:5)
  8 adders
  An ooze (D:1)
  2 worms (D:2)
  2 adder skeletons (D:5)
  2 dart slugs (D:2)
  4 leopard geckos
  14 orcs
  4 giant cockroaches
  4 goblins
  3 hobgoblins
  2 jackals (D:1)
  6 kobolds
  4 quokkas
  A ball python (D:5)
  4 bats
  5 frilled lizards
  4 rats
76 creatures vanquished.

Vanquished Creatures (collateral kills)
  A scorpion (D:5)
  An orc priest (D:5)
  A hound (D:4)
  A worker ant (D:4)
  2 orcs
  A giant cockroach (D:5)
  A quokka (D:4)
8 creatures vanquished.

Vanquished Creatures (others)
  A centaur zombie (D:5)
  A scorpion zombie (D:5)
  2 adder zombies
  A frilled lizard zombie (D:3)
  A goblin zombie (D:3)
  A hobgoblin zombie (D:3)
  3 orc zombies (D:5)
10 creatures vanquished.

Grand Total: 94 creatures vanquished
